 Dungeon Crawl Stone Soup version 0.29.0-11-gd7f09526c8 (webtiles) character file.

Game seed: 13480062986967574409

24 Thatpatchoflichen the Cutter (level 3, -3/24 HPs)
             Began as a Kobold Monk on Sept 2, 2022.
             Slain by Natasha (8 damage)
             ... on level 2 of the Dungeon.
             The game lasted 00:05:08 (1227 turns).

Thatpatchoflichen the Cutter (Kobold Monk)          Turns: 1227, Time: 00:05:08

Health: -3/24      AC:  8    Str:  8    XL:     3   Next: 15%
Magic:  3/3        EV: 11    Int: 11    God:
Gold:   34         SH:  0    Dex: 19    Spells: 2/2 levels left

rFire   . . .      SeeInvis .   a - +0 short sword
rCold   . . .      Faith    .   (no shield)
rNeg    . . .      Spirit   .   h - +0 scale mail
rPois   .          Reflect  .   d - +1 helmet
rElec   .          Harm     .   (no cloak)
rCorr   .          Rampage  .   (no gloves)
Will    .....                   (no boots)
Stlth   ++........              (no amulet)
HPRegen 0.08/turn               (no ring)
MPRegen 0.08/turn               (no ring)

@: slowed, very slow
A: small, no large weapons, nightstalker 3
a: no special abilities


You were on level 2 of the Dungeon.
You visited 1 branch of the dungeon, and saw 2 of its levels.

You collected 34 gold pieces.

Inventory:

Hand Weapons
 a - a +0 short sword (weapon)
Armour
 b - a +0 robe
 d - a +1 helmet (worn)
 h - a +0 scale mail (worn)
Jewellery
 k - a ring of ice
Scrolls
 f - 5 scrolls of identify {unknown}
 g - 2 scrolls of teleportation {unknown}
 i - a scroll of immolation {unknown}
 j - a scroll of brand weapon {unknown}
 m - a scroll of noise {unknown}
 n - a scroll of butterflies {unknown}
 p - a scroll of vulnerability {unknown}
Potions
 c - 2 potions of ambrosia
 e - a potion of attraction {unknown}
 l - a potion of curing {unknown}
 o - a potion of magic {unknown}


   Skills:
 + Level 3.7 Fighting
 + Level 4.5 Short Blades
 - Level 4.0 Dodging
 - Level 3.0 Stealth


You had 2 spell levels left.
You didn't know any spells.
Your spell library contained the following spells:

 Spells                   Type           Power      Damage    Failure   Level
 Summon Lightning Spire   Summ/Air       0%         N/A       100%        4
 Storm Form               Tmut/Air       0%         N/A       100%        7
 Maxwell's Capacitive Co  Air            0%         ∞         100%        8


Dungeon Overview and Level Annotations

Branches:
Dungeon (2/15)

Altars:

Annotations:
D:2 Natasha


Innate Abilities, Weirdness & Mutations

You are small and have problems with some larger weapons.
You are completely attuned to the shadows.


Message History

You kill the dart slug!
Training target 4.0 for Dodging reached!
Your Dodging skill increases to level 4!
There is a stone staircase leading up here.
You climb upwards.
There is a stone staircase leading down here.
There is a stone staircase leading down here.
You climb downwards.
Found a scroll labelled SOSARE QOENUL and 3 scrolls labelled LOOSACEPNY.
There is a stone staircase leading up here.
p - a scroll labelled SOSARE QOENUL
Found a whip.
f - 5 scrolls labelled LOOSACEPNY (gained 3)
A goblin comes into view. It is wielding a +0 dagger.
You hit the goblin.
You kill the goblin!
Found 4 gold pieces.
Things that are here:
a +0 dagger; a goblin corpse Natasha, Servant of Life and Death comes into view.
Natasha mumbles some strange words.
You feel troubled. Natasha claws you but does no damage.
You see here 4 gold pieces.
Natasha attacks as you move away! Natasha claws you.
You barely miss Natasha.
Natasha stares at you and mumbles some strange words.
The magic dart hits you!
You barely miss Natasha. You completely miss Natasha.
Natasha claws you but does no damage.
You hit Natasha.
Natasha is moderately wounded.
Natasha claws you.
* * * LOW HITPOINT WARNING * * *
Natasha stares at you and mumbles some strange words.
You feel yourself slow down.
Things that are here:
a +0 dagger; a goblin corpse Natasha attacks as you move away!
Natasha claws you!
You die...

#.......
############.......
......... +.......
#####.###)####.......
............@h..$# #
##...#...#####.# ...
#..###......#.#
##.##.#.#.#.###.#.#
....<...#.........#
.#......#...#...
#.##...#....... #.
#...#...#...
#..........#..


You could see Natasha.

Vanquished Creatures
  2 dart slugs
  An endoplasm (D:1)
  3 giant cockroaches (D:1)
  A goblin (D:2)
  4 hobgoblins (D:1)
  4 jackals (D:1)
  A bat (D:1)
16 creatures vanquished.

Notes
Turn   | Place    | Note
-------+----------+-------------------------------------------
     0 | D:1      | Thatpatchoflichen the Kobold Monk began the quest for the
                  | Orb.
     0 | D:1      | Reached XP level 1. HP: 14/14 MP: 1/1
   179 | D:1      | Reached XP level 2. HP: 19/19 MP: 2/2
   793 | D:1      | Reached XP level 3. HP: 15/24 MP: 3/3
  1216 | D:2      | Noticed Natasha
  1227 | D:2      | Slain by Natasha

Illustrated notes

Levels and vault maps discovered:
D:1:      lightli_arrival_chessboard, layout_loops_cross
D:2:      layout_basic, hellmonk_ecumenical_altar_leap_of_faith, serial_shops,
          nicolae_shop_advertising_works [nicolae_subvault_shop_adworks],
          uniq_natasha

Skill      XL: |  1  2  3 |
---------------+----------+-----
Stealth        | 3 |  3.0
Dodging        | 4 |  4.0
Fighting       | |  3.7
Short Blades   | |  4.5

Action                   || total
-------------------------++-------
Melee: Short sword       ||    86
 Stab: Sleeping          ||     6
Armor: Robe              ||     7
       Scale mail        ||    24
Dodge: Dodged            ||    63
